% Time on Ice - VICTORIA GLADIATORS
Lines # - Real PCT - Wanted PCT - Time Play
Normal Forward
1 - 35% - 36% - 16:04
2 - 30% - 31% - 13:43
3 - 25% - 23% - 11:36
4 - 11% - 10% - 5:01
Normal Defense
1 - 38% - 36% - 17:46
2 - 31% - 31% - 14:19
3 - 28% - 23% - 12:47
4 - 3% - 10% - 1:32
PP Forward
1 - 65% - 52% - 2:34
2 - 35% - 48% - 1:24
PP Defense
1 - 34% - 52% - 1:21
2 - 66% - 48% - 2:37
PK Forward
1 - 61% - 52% - 5:53
2 - 39% - 48% - 3:45
PK Defense
1 - 46% - 52% - 4:23
2 - 54% - 48% - 5:15
PK3 Forward
1 - 0% - 52%
2 - 0% - 48%
PK3 Defense
1 - 0% - 52%
2 - 0% - 48%
44 Forward
1 - 0% - 52%
2 - 0% - 48%
44 Defense
1 - 0% - 52%
2 - 0% - 48%
Last Minute Offensive  - 0:00
Last Minute Defensive  - 0:00
Total
Forward - 60:00
Defense - 60:00
% Time on Ice - SALEM BLACK JAYS
Lines # - Real PCT - Wanted PCT - Time Play
Normal Forward
1 - 32% - 36% - 14:48
2 - 32% - 31% - 14:40
3 - 28% - 23% - 12:51
4 - 9% - 10% - 4:05
Normal Defense
1 - 37% - 36% - 17:12
2 - 31% - 31% - 14:24
3 - 24% - 23% - 11:16
4 - 8% - 10% - 3:32
PP Forward
1 - 48% - 55% - 4:40
2 - 52% - 45% - 4:58
PP Defense
1 - 47% - 55% - 4:31
2 - 53% - 45% - 5:07
PK Forward
1 - 59% - 55% - 2:21
2 - 41% - 45% - 1:37
PK Defense
1 - 49% - 55% - 1:57
2 - 51% - 45% - 2:01
PK3 Forward
1 - 0% - 55%
2 - 0% - 45%
PK3 Defense
1 - 0% - 55%
2 - 0% - 45%
44 Forward
1 - 0% - 55%
2 - 0% - 45%
44 Defense
1 - 0% - 55%
2 - 0% - 45%
Last Minute Offensive  - 0:00
Last Minute Defensive  - 0:00
Total
Forward - 60:00
Defense - 60:00
Play-by-Play 1st period 0:01 of 1st period - Carl Soderberg wins face-off versus Mathew Barzal in neutral zone. 0:26 of 1st period - Shot by Carl Soderberg. 0:26 of 1st period - Deflect By Alex Iafallo. 0:26 of 1st period - Stopped by Mike Smith with a rebound. 0:28 of 1st period - Shot by Alex Iafallo. 0:28 of 1st period - Stopped by Mike Smith without a rebound. 0:29 of 1st period - Casey Cizikas wins face-off versus Frans Nielsen in SALEM BLACK JAYS zone. 0:29 of 1st period - Mitchell Marner is hit by Zack Smith and loses puck. 0:53 of 1st period - Shot by Zack Smith. 0:53 of 1st period - Shot Blocked by Zach Bogosian. 0:55 of 1st period - Shot by Matt Bartkowski. 0:55 of 1st period - Stopped by Mike Smith without a rebound. 0:56 of 1st period - Lars Eller wins face-off versus Par Lindholm in SALEM BLACK JAYS zone. 0:59 of 1st period - Shot by Nick Foligno. 0:59 of 1st period - Stopped by Mike Smith without a rebound. 1:00 of 1st period - Par Lindholm wins face-off versus Lars Eller in SALEM BLACK JAYS zone. 1:00 of 1st period - Par Lindholm is hit by Lars Eller. 1:12 of 1st period - Shot by Trevor Lewis. 1:12 of 1st period - Stopped by Jack Campbell with a rebound. 1:14 of 1st period - Shot by Scott Mayfield. 1:14 of 1st period - Shot Blocked by Nick Foligno. 1:16 of 1st period - Shot by Michal Kempny. 1:16 of 1st period - Stopped by Jack Campbell without a rebound. 1:17 of 1st period - Jason Spezza wins face-off versus Marcus Johansson in VICTORIA GLADIATORS zone. 1:39 of 1st period - Shot by Anthony DeAngelo. 1:39 of 1st period - Shot Misses the Net. 1:41 of 1st period - Shot by Jason Demers. 1:41 of 1st period - Stopped by Jack Campbell with a rebound. 2:07 of 1st period - Icing by Zach Trotman. 2:08 of 1st period - Jason Spezza wins face-off versus Matthew Calvert in VICTORIA GLADIATORS zone. 2:20 of 1st period - Shot by Mitchell Marner. 2:20 of 1st period - Shot Misses the Net. 2:57 of 1st period - Shot by Carl Soderberg. 2:57 of 1st period - Goal by Carl Soderberg - VICTORIA GLADIATORS : 1 - SALEM BLACK JAYS : 0. 2:58 of 1st period - Frans Nielsen wins face-off versus Par Lindholm in neutral zone. 3:02 of 1st period - Off-side. 3:03 of 1st period - Mathew Barzal wins face-off versus Frans Nielsen in neutral zone. 3:10 of 1st period - Shot by Mikko Rantanen. 3:10 of 1st period - Shot Blocked by Zack Smith. 3:29 of 1st period - Shot by Zack Smith. 3:29 of 1st period - Shot Misses the Net. 3:31 of 1st period - Shot by Zack Smith. 3:31 of 1st period - Stopped by Mike Smith without a rebound. 3:32 of 1st period - Lars Eller wins face-off versus Par Lindholm in SALEM BLACK JAYS zone. 3:40 of 1st period - Minor Penalty to Nick Foligno for Interference. 3:41 of 1st period - Frans Nielsen wins face-off versus Casey Cizikas in VICTORIA GLADIATORS zone. 3:41 of 1st period - Frans Nielsen is hit by Casey Cizikas. 3:54 of 1st period - Off-side. 3:55 of 1st period - Zack Smith wins face-off versus Mathew Barzal in neutral zone. 6:36 of 1st period - Shot by Lars Eller. 6:36 of 1st period - Stopped by Mike Smith without a rebound. 6:37 of 1st period - Lars Eller wins face-off versus Mathew Barzal in SALEM BLACK JAYS zone. 7:33 of 1st period - Icing by Nick Foligno. 7:34 of 1st period - Matthew Calvert wins face-off versus Lars Eller in VICTORIA GLADIATORS zone. 7:34 of 1st period - Matthew Calvert is hit by T.J. Brennan. 7:40 of 1st period - Shot by Matthew Calvert. 7:40 of 1st period - Deflect By Mitchell Marner. 7:40 of 1st period - Stopped by Jack Campbell without a rebound. 7:41 of 1st period - Casey Cizikas wins face-off versus Frans Nielsen in VICTORIA GLADIATORS zone. 8:43 of 1st period - Joshua Morrissey is hit by Alex Iafallo and loses puck. 8:54 of 1st period - Shot by Mikkel Boedker. 8:54 of 1st period - Shot Misses the Net. 8:56 of 1st period - Shot by Carl Soderberg. 8:56 of 1st period - Deflect By Alex Iafallo. 8:56 of 1st period - Shot Misses the Net. 10:21 of 1st period - Shot by Nick Foligno. 10:21 of 1st period - Shot Misses the Net. 10:36 of 1st period - Icing by Cody Ceci. 10:37 of 1st period - Frans Nielsen wins face-off versus Par Lindholm in SALEM BLACK JAYS zone. 10:42 of 1st period - Shot by Patrick Maroon. 10:42 of 1st period - Shot Misses the Net. 10:44 of 1st period - Shot by Dion Phaneuf. 10:44 of 1st period - Stopped by Mike Smith without a rebound. 10:45 of 1st period - Carl Soderberg wins face-off versus Mathew Barzal in SALEM BLACK JAYS zone. 10:53 of 1st period - Shot by Carl Soderberg. 10:53 of 1st period - Shot Blocked by Adam Larsson. 11:16 of 1st period - Shot by Mikkel Boedker. 11:16 of 1st period - Shot Misses the Net. 11:18 of 1st period - Shot by Carl Soderberg. 11:18 of 1st period - Shot Misses the Net. 11:20 of 1st period - Shot by Carl Soderberg. 11:20 of 1st period - Shot Misses the Net. 11:22 of 1st period - Shot by Carl Soderberg. 11:22 of 1st period - Shot Misses the Net. 11:52 of 1st period - Shot by Frans Nielsen. 11:52 of 1st period - Shot Misses the Net. 11:54 of 1st period - Shot by Frans Nielsen. 11:54 of 1st period - Shot Misses the Net. 11:56 of 1st period - Shot by Frans Nielsen. 11:56 of 1st period - Shot Blocked by Mathew Barzal. 11:58 of 1st period - Shot by Frans Nielsen. 11:58 of 1st period - Stopped by Mike Smith without a rebound. 11:59 of 1st period - Lars Eller wins face-off versus Casey Cizikas in SALEM BLACK JAYS zone. 12:52 of 1st period - Icing by Lars Eller. 12:53 of 1st period - Lars Eller wins face-off versus Marcus Johansson in VICTORIA GLADIATORS zone. 13:20 of 1st period - Shot by Marcus Johansson. 13:20 of 1st period - Goal by Marcus Johansson - VICTORIA GLADIATORS : 1 - SALEM BLACK JAYS : 1. 13:21 of 1st period - Casey Cizikas wins face-off versus Carl Soderberg in neutral zone. 13:36 of 1st period - Off-side. 13:37 of 1st period - Mathew Barzal wins face-off versus Frans Nielsen in neutral zone. 13:47 of 1st period - Shot by Mikko Rantanen. 13:47 of 1st period - Stopped by Jack Campbell without a rebound. 13:48 of 1st period - Carl Soderberg wins face-off versus Par Lindholm in VICTORIA GLADIATORS zone. 13:55 of 1st period - Shot by Carl Soderberg. 13:55 of 1st period - Shot Blocked by Scott Mayfield. 14:09 of 1st period - Shot by Carl Soderberg. 14:09 of 1st period - Stopped by Mike Smith without a rebound. 14:10 of 1st period - Frans Nielsen wins face-off versus Casey Cizikas in SALEM BLACK JAYS zone. 14:47 of 1st period - Shot by Frans Nielsen. 14:47 of 1st period - Shot Misses the Net. 14:49 of 1st period - Shot by Zack Smith. 14:49 of 1st period - Shot Blocked by Adam Larsson. 14:51 of 1st period - Shot by Frans Nielsen. 14:51 of 1st period - Shot Misses the Net. 15:33 of 1st period - Shot by Mikko Rantanen. 15:33 of 1st period - Shot Misses the Net. 16:33 of 1st period - Minor Penalty to Zach Trotman for Cross-checking. 16:34 of 1st period - Casey Cizikas wins face-off versus Frans Nielsen in VICTORIA GLADIATORS zone. 17:29 of 1st period - Shot by Mikko Rantanen. 17:29 of 1st period - Deflect By Mathew Barzal. 17:29 of 1st period - Stopped by Jack Campbell without a rebound. 17:30 of 1st period - Lars Eller wins face-off versus Mathew Barzal in VICTORIA GLADIATORS zone. 18:48 of 1st period - Icing by Carl Soderberg. 18:49 of 1st period - Carl Soderberg wins face-off ve